 Dungeon Crawl Stone Soup version 0.30-a0-586-g23e55c9e0a (webtiles) character file.

Game seed: 17908399269168532957

25 bande the Trooper (level 3, 0/24 HPs)
             Began as a Gargoyle Fighter on Jan 4, 2023.
             Slain by Robin
             ... wielding a +0 short sword
              (1 damage)
             ... on level 2 of the Dungeon.
             The game lasted 00:01:32 (867 turns).

bande the Trooper (Gargoyle Fighter)                 Turns: 867, Time: 00:01:33

Health: 0/24       AC: 15    Str: 19    XL:     3   Next: 6%
Magic:  3/3        EV:  9    Int:  8    God:
Gold:   79         SH:  4    Dex: 11    Spells: 2/2 levels left

rFire   . . .      SeeInvis .    a - +0 war axe
rCold   . . .      Faith    .    c - +0 buckler
rNeg    + . .      Spirit   .    b - +0 scale mail
rPois   ∞          Reflect  .    (no helmet)
rElec   +          Harm     .    j - +1 cloak
rCorr   .          Rampage  .    g - +2 pair of gloves
Will    .....                    (no boots) Stlth
                                 (no amulet)
HPRegen 0.24/turn                (no ring)
MPRegen 0.08/turn                (no ring)

@: no status effects
A: sickness immunity, AC +3, negative energy resistance 1, electricity
resistance, torment resistance 1, petrification resistance
a: no special abilities


You were on level 2 of the Dungeon.
You visited 1 branch of the dungeon, and saw 2 of its levels.

You collected 79 gold pieces.

Inventory:

Hand Weapons
 a - a +0 war axe (weapon)
Armour
 b - a +0 scale mail (worn)
 c - a +0 buckler (worn)
 g - a +2 pair of gloves (worn)
 j - a +1 cloak (worn)
Potions
 d - 2 potions of might
 f - 2 potions of curing
 i - a potion of brilliance


   Skills:
 + Level 3.8 Fighting
 + Level 2.1 Axes
 + Level 3.6 Armour
 + Level 3.5 Shields


You had 2 spell levels left.
You didn't know any spells.
Your spell library was empty.

Dungeon Overview and Level Annotations

Branches:
Dungeon (2/15)

Altars:

Annotations:
D:2 Robin


Innate Abilities, Weirdness & Mutations

You are immune to sickness and miasma.
Your stone body is resilient. (AC +3)
You are immune to poison.
You resist negative energy. (rN+)
You are resistant to electric shocks. (rElec)
You are resistant to unholy torment.
You are immune to petrification.


Message History

You closely miss the goblin. You hit the goblin.
The goblin hits you but does no damage.
Robin roars a battlecry!
The goblin goes into a battle-frenzy!
You block the goblin's attack. The goblin barely misses you.
The hobgoblin hits you. The goblin barely misses you.
The goblin hits you but does no damage.
You have reached level 3!
Your experience leads to an increase in your attributes!
Increase (S)trength, (I)ntelligence, or (D)exterity?
You feel agile. x2
You miss the goblin.
You hit the goblin. x2; You barely miss the hobgoblin.
The goblin hits you with a +0 dagger. The goblin hits you but does no damage.
The hobgoblin hits you but does no damage.
The goblin hits you with a +0 club. Robin throws the goblin at you!
The goblin attacks as you move away! The goblin completely misses you.
The goblin barely misses you.
A rat comes into view.
Unknown command.
You closely miss the hobgoblin. You closely miss the goblin.
You barely miss the goblin. You hit Robin. You hit the goblin.
You kill the goblin!
The goblin hits you but does no damage. Robin completely misses you.
The goblin hits you but does no damage.
The hobgoblin hits you but does no damage.
The hobgoblin hits you.
* * * LOW HITPOINT WARNING * * *
Robin throws the goblin at you! The goblin hits you but does no damage.
You block the goblin's attack. The hobgoblin hits you.
* * * LOW HITPOINT WARNING * * *
You closely miss the hobgoblin. You hit the goblin.
You kill the goblin!
You barely miss the goblin. You hit the hobgoblin. You barely miss the goblin.
You barely miss Robin. You barely miss the hobgoblin.
The goblin no longer looks unusually strong.
The hobgoblin hits you but does no damage.
You block the hobgoblin's attack.
The hobgoblin hits you but does no damage.
The goblin closely misses you. x2; Robin hits you with a +0 short sword.
You die...

##'#####
#####......#
#..........#### ...
#.###.........##....
###............# ###
#...........?#
#...#.)).........#
+.....g)).........
#...>gg@g.........
###...ggg...#.....
#...........#...
#...............
#....r..[.....
...###.#....... #...
#.#...... #..
...######


You could see Robin, 3 hobgoblins, 3 goblins and a rat.

Vanquished Creatures
  4 bats (D:1)
  An endoplasm (D:1)
  6 goblins
  6 hobgoblins
  2 kobolds (D:1)
  A quokka (D:1)
  2 rats (D:1)
22 creatures vanquished.

Vanquished Creatures (others)
  5 plants (D:1)
5 creatures vanquished.

Grand Total: 27 creatures vanquished

Notes
Turn   | Place    | Note
-------+----------+-------------------------------------------
     0 | D:1      | bande the Gargoyle Fighter began the quest for the Orb.
     0 | D:1      | Reached XP level 1. HP: 14/14 MP: 1/1
   298 | D:1      | Reached XP level 2. HP: 19/19 MP: 2/2
   856 | D:2      | Noticed Robin
   864 | D:2      | Reached XP level 3. HP: 23/24 MP: 3/3
   866 | D:2      | HP: 1/24 [hobgoblin[Robin] (6)]
   867 | D:2      | Slain by Robin

Illustrated notes

Levels and vault maps discovered:
D:1:      nicolae_arrival_washed_ashore, layout_rooms, serial_bayou,
          serial_bayou_shore_a, serial_bayou_lagoon_a, serial_bayou_shore_b,
          serial_bayou_pond_d
D:2:      wad_woods_stonehenge, layout_basic, serial_curves, eino_curves_03,
          eino_curves_02, basic_altar, uniq_robin

Skill      XL: |  1  2 |
---------------+-------+-----
Axes           | 2 |  2.1
Fighting       | |  3.8
Armour         | |  3.6
Shields        | |  3.5

Action                   || total
-------------------------++-------
Melee: War axe           ||    56
  Use: Scroll            ||     4
Armor: Scale mail        ||    48
Dodge: Dodged            ||    33
Block: Buckler           ||    17

Table legend: (Time is in decaauts)
 A = Elapsed time spent in this place.
 B = Non-inter-level travel time spent in this place.
 C = Inter-level travel time spent in this place.
 D = Time resting spent in this place.
 E = Time spent auto-exploring this place.
 F = Levels seen in this place.
 G = Mean time per level.
                   A        B        C        D        E       F      G
               +--------+--------+--------+--------+--------+-----+--------+
         Total |    919 |    919 |      0 |    134 |    576 |   2 |  459.5 |
       Dungeon |    919 |    919 |      0 |    134 |    576 |   2 |  459.5 |
               +--------+--------+--------+--------+--------+-----+--------+

Top non-repeatable levels by time:
     D:1: 891 daAuts
     D:2: 27 daAuts
